TOP OF THE 1ST |
Florida Gators batting - Pitching for California Golden Bears : LHP Steven Lyon
|
Pitching: LHP Steven Lyon
|
|
Batting: RHB Mike Kennedy
|
0-0: Swinging Strike 0-1: Ball 1-1: Ball 2-1: Ball 3-1: Base on Balls
|
Batting: RHB Ryan Huber
|
0-0: Ball 1-0: Called Strike 1-1: Ball 2-1: Foul Ball, location: 2F 2-2: Foul Ball, location: 2F 2-2: SINGLE (Line Drive, 6MD) Mike Kennedy to second
|
Batting: RHB Dwayne Dickey
|
0-0: Foul Ball, location: 2F 0-1: Ball 1-1: Ball 2-1: Foul Ball, location: 2F 2-2: Fly out, F5 (Flyball, 5D)
|
Batting: RHB Miguel Jaramillo
|
0-0: Called Strike Mike Kennedy steals 3rd base Ryan Huber to second 0-1: Ball 1-1: Ball 2-1: Ball 3-1: Foul Ball, location: 2F 3-2: Foul Ball, location: 2F 3-2: Foul Ball, location: 2F 3-2: Base on Balls
|
Batting: RHB Dan Britt
|
0-0: Ball 1-0: Grounds into double play, 4-6-3 (Groundball, 4)
|
Top of the 1st over - 0 runs, 1 hit, 0 errors, 2 left on base; Florida 0 - California 0 |
BOTTOM OF THE 1ST |
California Golden Bears batting - Pitching for Florida Gators : LHP Russell Bailey
|
Pitching: LHP Russell Bailey
|
|
Batting: SHB John Allen
|
0-0: Foul Ball, location: 2F 0-1: Foul Ball, location: 2F 0-2: Strikes out swinging
|
Batting: RHB Sergio González
|
0-0: Ball 1-0: Ball 2-0: Ball 3-0: Base on Balls
|
Batting: RHB Greg Brown
|
0-0: Called Strike 0-1: Fly out, F3 (Popup, 3F)
|
Batting: RHB Cisco Villa
|
0-0: Ball 1-0: Ball 2-0: Ground out 4-3 (Groundball, 4)
|
Bottom of the 1st over - 0 runs, 0 hits, 0 errors, 1 left on base; Florida 0 - California 0 |
TOP OF THE 2ND |
Florida Gators batting - Pitching for California Golden Bears : LHP Steven Lyon
|
Batting: LHB Daniel Brennan
|
0-0: Ball 1-0: Foul Ball, location: 2F 1-1: Swinging Strike 1-2: Ball 2-2: Ball 3-2: Ground out 4-3 (Groundball, 4)
|
Batting: RHB David Martin
|
0-0: Fly out, F8 (Flyball, 8RD)
|
Batting: RHB Fred Byrd
|
0-0: SINGLE (Groundball, 13S) (infield hit)
|
Batting: LHB Eddie Winters
|
0-0: DOUBLE (Groundball, 3L) Fred Byrd to third Runner from 3rd tries for Home, SAFE, no throw
|
Batting: RHB Mike Kennedy
|
0-0: Fly out, F3 (Popup, 34S)
|
Top of the 2nd over - 1 run, 2 hits, 0 errors, 1 left on base; Florida 1 - California 0 |
BOTTOM OF THE 2ND |
California Golden Bears batting - Pitching for Florida Gators : LHP Russell Bailey
|
Batting: RHB Gabriel Lucero
|
0-0: Foul Ball, location: 2F 0-1: Called Strike 0-2: Ball 1-2: Ball 2-2: Ground out 1-3 (Groundball, 13S)
|
Batting: LHB Benny Marte
|
0-0: Ball 1-0: Ball 2-0: Called Strike 2-1: Ground out 6-3 (Groundball, 6M)
|
Batting: RHB Ricardo Flores
|
0-0: SINGLE (Flyball, 9S)
|
Batting: RHB Dave Burchette
|
0-0: Ball 1-0: Called Strike 1-1: Ball 2-1: Ball 3-1: Fielders Choice at 2nd, 6-4 (Groundball, 6)
|
Bottom of the 2nd over - 0 runs, 1 hit, 0 errors, 1 left on base; Florida 1 - California 0 |
TOP OF THE 3RD |
Florida Gators batting - Pitching for California Golden Bears : LHP Steven Lyon
|
Batting: RHB Ryan Huber
|
0-0: Foul Ball, location: 2F 0-1: Swinging Strike 0-2: SINGLE (Groundball, 56S) (infield hit)
|
Batting: RHB Dwayne Dickey
|
0-0: Called Strike 0-1: Ball 1-1: Ball Ryan Huber is caught stealing 2nd base 2-1: SINGLE (Line Drive, 56D)
|
Batting: RHB Miguel Jaramillo
|
0-0: Ball 1-0: Ball 2-0: Ball 3-0: Base on Balls Dwayne Dickey to second
|
Batting: RHB Dan Britt
|
0-0: Called Strike 0-1: Fly out, F9 (Flyball, 9)
|
Batting: LHB Daniel Brennan
|
0-0: Ball 1-0: 3-RUN HOME RUN (Flyball, 9D), Distance : 365 ft
|
Batting: RHB David Martin
|
0-0: Ball 1-0: Swinging Strike 1-1: Ground out 4-3 (Groundball, 4)
|
Top of the 3rd over - 3 runs, 3 hits, 0 errors, 0 left on base; Florida 4 - California 0 |
BOTTOM OF THE 3RD |
California Golden Bears batting - Pitching for Florida Gators : LHP Russell Bailey
|
Batting: RHB Ralph Hawkins
|
0-0: Called Strike 0-1: Ball 1-1: Fly out, F7 (Flyball, 7LD)
|
Batting: SHB John Allen
|
0-0: Ball 1-0: Ball 2-0: Foul Ball, location: 2F 2-1: Ground out 6-3 (Groundball, 6)
|
Batting: RHB Sergio González
|
0-0: Called Strike 0-1: Foul Ball, location: 2F 0-2: Ball 1-2: Ball 2-2: SINGLE (Groundball, 56D)
|
Batting: RHB Greg Brown
|
0-0: Ball 1-0: Ball 2-0: Ball 3-0: Base on Balls Sergio González to second
|
Batting: RHB Cisco Villa
|
0-0: Called Strike 0-1: Ball 1-1: Ball 2-1: Foul Ball, location: 2F 2-2: Ball 3-2: Base on Balls Sergio González to third Greg Brown to second
|
Batting: RHB Gabriel Lucero
|
0-0: Ball 1-0: Ball 2-0: Ball Wild Pitch! Sergio González scores Greg Brown to third Cisco Villa to second 3-0: Base on Balls
|
Batting: LHB Benny Marte
|
0-0: Ball 1-0: Called Strike 1-1: Swinging Strike 1-2: Fielders Choice at 2nd, 6-4 (Groundball, 6)
|
Bottom of the 3rd over - 1 run, 1 hit, 0 errors, 3 left on base; Florida 4 - California 1 |
TOP OF THE 4TH |
Florida Gators batting - Pitching for California Golden Bears : LHP Steven Lyon
|
Batting: RHB Fred Byrd
|
0-0: SINGLE (Flyball, 7LM)
|
Batting: LHB Eddie Winters
|
0-0: Called Strike 0-1: Ball 1-1: Foul Ball, location: 2F 1-2: Ball 2-2: Strikes out swinging
|
Batting: RHB Mike Kennedy
|
0-0: Called Strike 0-1: Foul Ball, location: 2F 0-2: Ball 1-2: Ground out 4-3 (Groundball, 34) Fred Byrd to second
|
Batting: RHB Ryan Huber
|
0-0: Called Strike 0-1: Ball 1-1: Foul Ball, location: 2F 1-2: Fly out, F2 (Popup, 2LF)
|
Top of the 4th over - 0 runs, 1 hit, 0 errors, 1 left on base; Florida 4 - California 1 |
BOTTOM OF THE 4TH |
California Golden Bears batting - Pitching for Florida Gators : LHP Russell Bailey
|
Batting: RHB Ricardo Flores
|
0-0: Called Strike 0-1: Fly out, F9 (Flyball, 9)
|
Batting: RHB Dave Burchette
|
0-0: Called Strike 0-1: SINGLE (Groundball, 6MD)
|
Batting: RHB Ralph Hawkins
|
0-0: Foul Ball, location: 2F 0-1: Foul Ball, location: 2F 0-2: Foul Ball, location: 2F 0-2: Ball 1-2: Ball 2-2: Strikes out swinging
|
Batting: SHB John Allen
|
Pickoff Throw to First - Out!
|
Bottom of the 4th over - 0 runs, 1 hit, 0 errors, 0 left on base; Florida 4 - California 1 |
TOP OF THE 5TH |
Florida Gators batting - Pitching for California Golden Bears : LHP Steven Lyon
|
Batting: RHB Dwayne Dickey
|
0-0: Ball 1-0: Called Strike 1-1: Swinging Strike 1-2: Strikes out looking
|
Batting: RHB Miguel Jaramillo
|
0-0: Ball 1-0: SINGLE (Groundball, 56D)
|
Pitching: LHP Fernando Muńóz
|
|
Batting: RHB Dan Britt
|
0-0: Ball 1-0: Called Strike 1-1: Foul Ball, location: 2F 1-2: Foul Ball, location: 2F 1-2: Ball 2-2: Strikes out looking
|
Batting: LHB Daniel Brennan
|
0-0: Ball Miguel Jaramillo is caught stealing 2nd base
|
Top of the 5th over - 0 runs, 1 hit, 0 errors, 0 left on base; Florida 4 - California 1 |
BOTTOM OF THE 5TH |
California Golden Bears batting - Pitching for Florida Gators : LHP Russell Bailey
|
Batting: SHB John Allen
|
0-0: Called Strike 0-1: Foul Ball, location: 2F 0-2: Ground out 6-3 (Groundball, 6)
|
Batting: RHB Sergio González
|
0-0: Called Strike 0-1: Swinging Strike 0-2: Ball 1-2: Foul Ball, location: 2F 1-2: Ball 2-2: Ball 3-2: Strikes out swinging, 2-3 out at first.
|
Batting: RHB Greg Brown
|
0-0: Foul Ball, location: 2F 0-1: SINGLE (Groundball, 6MD)
|
Batting: RHB Cisco Villa
|
0-0: Called Strike 0-1: Ball 1-1: Foul Ball, location: 2F 1-2: Strikes out swinging
|
Bottom of the 5th over - 0 runs, 1 hit, 0 errors, 1 left on base; Florida 4 - California 1 |
TOP OF THE 6TH |
Florida Gators batting - Pitching for California Golden Bears : LHP Fernando Muńóz
|
Batting: LHB Daniel Brennan
|
0-0: Ball 1-0: Foul Ball, location: 2F 1-1: Ball 2-1: Foul Ball, location: 2F 2-2: Strikes out swinging
|
Batting: RHB David Martin
|
0-0: Ball 1-0: Swinging Strike 1-1: Foul Ball, location: 2F 1-2: Strikes out looking
|
Batting: RHB Fred Byrd
|
0-0: Called Strike 0-1: Called Strike 0-2: Ball 1-2: Ball 2-2: Ground out 4-3 (Groundball, 4)
|
Top of the 6th over - 0 runs, 0 hits, 0 errors, 0 left on base; Florida 4 - California 1 |
BOTTOM OF THE 6TH |
California Golden Bears batting - Pitching for Florida Gators : LHP Russell Bailey
|
Pitching: RHP Ernest Gentry
|
|
Batting: RHB Gabriel Lucero
|
0-0: Ball 1-0: Swinging Strike 1-1: Foul Ball, location: 2F 1-2: Ball Error on foul ball, E2 2-2: Ball 3-2: Base on Balls
|
Batting: LHB Benny Marte
|
0-0: Ball 1-0: Ball 2-0: Called Strike 2-1: Ball 3-1: SINGLE (Flyball, 8LS) Gabriel Lucero to second
|
Batting: RHB Ricardo Flores
|
0-0: Called Strike 0-1: SINGLE (Line Drive, 6MD) Gabriel Lucero to third Benny Marte to second
|
Batting: RHB Dave Burchette
|
0-0: Ball 1-0: Called Strike 1-1: Called Strike 1-2: Foul Ball, location: 2F 1-2: Strikes out swinging
|
Batting: RHB Ralph Hawkins
|
0-0: Called Strike 0-1: Ball 1-1: Called Strike 1-2: Ground out 5-3 (Groundball, 5S) Gabriel Lucero scores Benny Marte to third Ricardo Flores to second
|
Batting: SHB John Allen
|
0-0: Foul Ball, location: 2F 0-1: Foul Ball, location: 2F 0-2: Strikes out looking
|
Bottom of the 6th over - 1 run, 2 hits, 1 error, 2 left on base; Florida 4 - California 2 |
TOP OF THE 7TH |
Florida Gators batting - Pitching for California Golden Bears : LHP Fernando Muńóz
|
Pitching: LHP Eddie Hickey
|
|
Batting: LHB Eddie Winters
|
0-0: Called Strike 0-1: Ground out 4-3 (Groundball, 4)
|
Pitching: RHP Claudio García
|
|
Batting: RHB Mike Kennedy
|
0-0: Ground out 1-3 (Groundball, 13S)
|
Pitching: RHP Esteban Ortega
|
|
Batting: RHB Ryan Huber
|
0-0: Called Strike 0-1: Ball 1-1: SINGLE (Line Drive, 8LS)
|
Batting: RHB Dwayne Dickey
|
0-0: Ball 1-0: 2-RUN HOME RUN (Flyball, 7LD), Distance : 327 ft
|
Batting: RHB Miguel Jaramillo
|
0-0: Ball 1-0: Foul Ball, location: 2F 1-1: Ball 2-1: SINGLE (Flyball, 89S)
|
Batting: RHB Dan Britt
|
0-0: Swinging Strike 0-1: Fly out, F9 (Flyball, 9)
|
Top of the 7th over - 2 runs, 3 hits, 0 errors, 1 left on base; Florida 6 - California 2 |
BOTTOM OF THE 7TH |
California Golden Bears batting - Pitching for Florida Gators : RHP Ernest Gentry
|
Batting: RHB Sergio González
|
0-0: Ball 1-0: Ball 2-0: Foul Ball, location: 2F 2-1: Called Strike 2-2: Ball 3-2: Foul Ball, location: 2F 3-2: SINGLE (Line Drive, 7S)
|
Batting: RHB Greg Brown
|
0-0: Called Strike 0-1: Foul Ball, location: 2F 0-2: 2-RUN HOME RUN (Flyball, 8LXD), Distance : 409 ft
|
Pitching: RHP Walt Wall
|
|
Batting: RHB Cisco Villa
|
0-0: Foul Ball, location: 2F 0-1: Ball 1-1: Called Strike 1-2: Foul Ball, location: 2F 1-2: Foul Ball, location: 2F 1-2: Ball 2-2: Foul Ball, location: 2F 2-2: Ground out 4-3 (Groundball, 34)
|
Batting: RHB Gabriel Lucero
|
0-0: Foul Ball, location: 2F 0-1: Ball 1-1: Fly out, F4 (Popup, 4)
|
Batting: LHB Benny Marte
|
0-0: Ball 1-0: Called Strike 1-1: Foul Ball, location: 2F 1-2: Ball 2-2: Strikes out swinging, 2-3 out at first.
|
Bottom of the 7th over - 2 runs, 2 hits, 0 errors, 0 left on base; Florida 6 - California 4 |
TOP OF THE 8TH |
Florida Gators batting - Pitching for California Golden Bears : RHP Esteban Ortega
|
Batting: LHB Daniel Brennan
|
0-0: Ball 1-0: Ball 2-0: Called Strike 2-1: Foul Ball, location: 2F 2-2: Ball 3-2: Foul Ball, location: 2F 3-2: Base on Balls
|
Batting: RHB David Martin
|
0-0: Called Strike 0-1: Foul Ball, location: 2F 0-2: Grounds into double play, 1-4-3 (Groundball, 15S)
|
Batting: RHB Fred Byrd
|
0-0: Ball 1-0: Ground out 4-3 (Groundball, 4)
|
Top of the 8th over - 0 runs, 0 hits, 0 errors, 0 left on base; Florida 6 - California 4 |
BOTTOM OF THE 8TH |
California Golden Bears batting - Pitching for Florida Gators : RHP Walt Wall
|
Now in LF: Nick Ratzlaff
|
|
Batting: RHB Ricardo Flores
|
0-0: Foul Ball, location: 2F 0-1: Ball 1-1: SINGLE (Line Drive, 4M)
|
Batting: RHB Dave Burchette
|
0-0: Fly out, F6 (Line Drive, 56)
|
Batting: RHB Ralph Hawkins
|
0-0: Grounds into double play, 4-6-3 (Groundball, 4)
|
Bottom of the 8th over - 0 runs, 1 hit, 0 errors, 0 left on base; Florida 6 - California 4 |
TOP OF THE 9TH |
Florida Gators batting - Pitching for California Golden Bears : RHP Esteban Ortega
|
Batting: LHB Eddie Winters
|
0-0: Called Strike 0-1: Ball 1-1: Called Strike 1-2: Ball 2-2: Ball 3-2: SINGLE (Line Drive, 8LS)
|
Batting: RHB Mike Kennedy
|
0-0: Foul Ball, location: 2F 0-1: DOUBLE (Line Drive, 89D) Eddie Winters to third
|
Batting: RHB Ryan Huber
|
0-0: Intentional Walk
|
Batting: RHB Dwayne Dickey
|
0-0: Ball 1-0: Called Strike 1-1: Fly out, F7 (Flyball, 7)
|
Batting: RHB Miguel Jaramillo
|
0-0: Foul Ball, location: 2F 0-1: Foul Ball, location: 2F 0-2: Foul Ball, location: 2F 0-2: Grounds into fielders choice 4-2 (Groundball, 34) Mike Kennedy to third Ryan Huber to second
|
Batting: RHB Dan Britt
|
0-0: Called Strike 0-1: Ball 1-1: Called Strike 1-2: Strikes out looking
|
Top of the 9th over - 0 runs, 2 hits, 0 errors, 3 left on base; Florida 6 - California 4 |
BOTTOM OF THE 9TH |
California Golden Bears batting - Pitching for Florida Gators : RHP Walt Wall
|
Now at C: Luis Noriega
|
|
Batting: SHB John Allen
|
0-0: Called Strike 0-1: Ball 1-1: Swinging Strike 1-2: Strikes out swinging
|
Batting: RHB Sergio González
|
0-0: Ball 1-0: Foul Ball, location: 2F 1-1: Ball 2-1: Fly out, F4 (Line Drive, 4)
|
Batting: RHB Greg Brown
|
0-0: Ball 1-0: Ball 2-0: Called Strike 2-1: Foul Ball, location: 2F 2-2: Ball 3-2: SOLO HOME RUN (Flyball, 7LD), Distance : 320 ft
|
Batting: RHB Cisco Villa
|
0-0: Foul Ball, location: 2F 0-1: Ball 1-1: Ball 2-1: Foul Ball, location: 2F 2-2: Strikes out swinging
|
Bottom of the 9th over - 1 run, 1 hit, 0 errors, 0 left on base; Florida 6 - California 5 |
|